 Dungeon Crawl Stone Soup version 0.31-a0-149-g3fdcc5976a (webtiles) character file.

Game seed: 455088331271113368

1682250 ragingrage the Intangible (level 27, 171/171 HPs)
             Began as a Kobold Wanderer on June 7, 2023.
             Was the Champion of Hepliaklqana.
             Escaped with the Orb
             ... and 3 runes!
             The game lasted 02:01:02 (65998 turns).

ragingrage the Intangible (Kobold Wanderer)        Turns: 65998, Time: 02:01:03

Health: 171/171    AC: 19    Str:  7    XL:     27
Magic:  46/46      EV: 51    Int: 14    God:    Hepliaklqana [******]
Gold:   3059       SH:  9    Dex: 32    Spells: 27/46 levels left

rFire   + . .        a - +5 rapier (distort)
rCold   + + +        X - +1 buckler {AC+3}
rNeg    . . .        r - +4 skin of Zhor {*Englaciate rC+++ SInv}
rPois   +            j - +0 hat of the Serpent {Rampage +Blink Will++ Str-3}
rElec   +            L - scarf {+Inv}
rCorr   .            y - +0 pair of gloves of the Mind {rElec Dex+3}
SInv    +            R - +2 pair of boots
Will    ++++.        k - amulet of guardian spirit
Stlth   +++          N - +4 ring of protection
HPRegen 0.48/turn    U - ring "Amuurpho Elie" {rF+ MP+9 Dex+2 Stlth-}
MPRegen 0.30/turn

%: guardian spirit, rampage
@: no status effects
A: reduced essence, small, no large weapons, nightstalker 3, horns 1, poison
resistance, shaggy fur 1
0: Orb of Zot
}: 3/15 runes: barnacled, silver, gossamer
a: Renounce Religion, Evoke Blink, Evoke Invisibility, Recall Ancestor, Ancestor
Identity, Transference, Idealise


You escaped.
You worshipped Hepliaklqana.
Hepliaklqana was exalted by your worship.
You visited 9 branches of the dungeon, and saw 47 of its levels.
You also visited: Sewer, Ossuary, Ice Cave, Volcano and Desolation.

You collected 6986 gold pieces.
You spent 3927 gold pieces at shops.

Inventory:

Hand Weapons
 a - a +5 rapier of distortion (weapon)
Missiles
 W - 3 curare-tipped darts
 Z - a throwing net
Armour
 j - the +0 hat of the Serpent (worn) {Rampage +Blink Will++ Str-3}
   (You bought it in a shop on level 2 of the Orcish Mines)

   Str:       It affects your strength (-3).
   +Blink:    It lets you blink.
   Rampage:   It bestows one free step when moving towards enemies.
   Will:      It greatly increases your willpower.
 r - the +4 skin of Zhor (worn) {*Englaciate rC+++ SInv}
   (You found it in an ice cave)

   *Englaciate: It radiates cold, occasionally slowing all nearby creatures who
   are not resistant to cold.
   rC:        It renders you almost immune to cold.
   SInv:      It lets you see invisible.
 y - the +0 pair of gloves of the Mind (worn) {rElec Dex+3}
   (You found it on level 5 of the Vaults)

   Dex:       It affects your dexterity (+3).
   rElec:     It insulates you from electricity.
 L - a scarf of invisibility (worn)
 R - a +2 pair of boots (worn)
 X - a +1 buckler of protection (worn)
Jewellery
 k - an amulet of guardian spirit (around neck)
 l - the ring "Wironur" {Wiz rElec rC- rN+++ Will-}
   (You found it on level 5 of the Vaults)

   [ring of wizardry]

   It improves your spell success rate.
   rC:        It makes you vulnerable to cold.
   rElec:     It insulates you from electricity.
   rN:        It renders you almost immune to negative energy.
   Will:      It decreases your willpower.
 N - a +4 ring of protection (left hand)
 U - the ring "Amuurpho Elie" (right hand) {rF+ MP+9 Dex+2 Stlth-}
   (You found it on level 1 of the Vaults)

   [ring of magical power]

   Dex:       It affects your dexterity (+2).
   rF:        It protects you from fire.
   MP:        It affects your magic capacity (+9).
   Stlth:     It makes you less stealthy.
Wands
 d - a wand of mindburst (50)
 n - a wand of paralysis (37)
 s - a wand of polymorph (19)
 F - a wand of flame (112)
 I - a wand of quicksilver (45)
 K - a wand of roots (19)
 Y - a wand of digging (44)
Scrolls
 g - 19 scrolls of teleportation
 m - 8 scrolls of immolation
 o - 12 scrolls of vulnerability
 v - a scroll of summoning
 z - 12 scrolls of poison
 B - 12 scrolls of blinking
 C - 11 scrolls of fog
 E - 3 scrolls of silence
 H - 6 scrolls of fear
 J - a scroll of magic mapping
Potions
 c - 13 potions of curing
 e - 6 potions of haste
 h - 7 potions of enlightenment
 i - 10 potions of mutation
 p - 2 potions of attraction
 q - 2 potions of berserk rage
 t - 6 potions of magic
 u - 14 potions of heal wounds
 w - 7 potions of cancellation
 x - 17 potions of ambrosia
 G - 10 potions of might
 M - 3 potions of brilliance
 O - 4 potions of resistance
 Q - 3 potions of invisibility
 V - 6 potions of lignification
Miscellaneous
 f - a tin of tremorstones (2/2)
 A - a phantom mirror
 P - a phial of floods
 S - a lightning rod (4/4)
 T - a sack of spiders


   Skills:
 + Level 24.0 Fighting
 - Level 14.0 Short Blades
 - Level 1.0 Staves
 - Level 7.0 Armour
 O Level 27 Dodging
 - Level 23.0 Stealth
 - Level 6.0 Shields
 - Level 10.0 Spellcasting
 - Level 9.0 Hexes
 - Level 15.0 Necromancy
 - Level 11.0 Transmutations
 - Level 10.0 Earth Magic
 - Level 8.0 Invocations
 - Level 20.0 Evocations


You had 27 spell levels left.
You knew the following spells:

 Your Spells              Type           Power      Damage    Failure   Level
a - Death Channel         Necr           24%        N/A       4%          6
b - Ensorcelled Hibernat  Hex/Ice        38%        N/A       3%          2
c - Passwall              Tmut/Erth      30%        N/A       1%          2
d - Yara's Violent Unrav  Hex/Tmut       17%        3d8       7%          5
e - Passage of Golubria   Tloc           7%         N/A       83%         4

Your spell library contained the following spells:

 Spells                   Type           Power      Damage    Failure   Level
 Kiss of Death            Conj/Necr      100%       2d13      1%          1
 Necrotise                Necr           100%       1d9       1%          1
 Confusing Touch          Hex            32%        N/A       1%          3
 Tukima's Dance           Hex            32%        N/A       1%          3
 Vampiric Draining        Necr           49%        2d9       1%          3
 Dispel Undead            Necr           49%        3d18      1%          4
 Agony                    Necr           49%        N/A       1%          5
 Cigotuvi's Dreadful Rot  Necr/Pois/Air  42%        N/A       3%          2
 Leda's Liquefaction      Hex/Erth       16%        N/A       3%          4
 Blade Hands              Tmut           18%        N/A       4%          5
 Stone Arrow              Conj/Erth      42%        3d9       6%          3
 Lee's Rapid Deconstruct  Erth           17%        3d11*     7%          5
 Dazzling Flash           Conj/Hex       38%        N/A       8%          3
 Inner Flame              Hex/Fire       19%        N/A       8%          3
 Portal Projectile        Hex/Tloc       38%        N/A       8%          3
 Ignite Poison            Fire/Tmut/Pois 17%        N/A       11%         3
 Magic Dart               Conj           28%        1d4       16%         1
 Shock                    Conj/Air       28%        1d4       16%         1
 Animate Armour           Summ/Erth      42%        N/A       21%         4
 Blink                    Tloc           14%        N/A       24%         2
 Call Imp                 Summ           14%        N/A       24%         2
 Lesser Beckoning         Tloc           14%        N/A       24%         2
 Momentum Strike          Conj/Tloc      14%        3d8       24%         2
 Scorch                   Fire           14%        2d6       24%         2
 Static Discharge         Conj/Air       14%        2-3/arc   24%         2
 Statue Form              Tmut/Erth      24%        N/A       32%         6
 Gell's Gravitas          Tloc           7%         N/A       43%         3
 Mephitic Cloud           Conj/Pois/Air  7%         N/A       43%         3
 Ozocubu's Armour         Ice            7%         N/A       43%         3
 Swiftness                Air            7%         N/A       43%         3
 Teleport Other           Tloc           7%         N/A       43%         3
 Vhi's Electric Charge    Tloc/Air       14%        N/A       43%         3
 Volatile Blastmotes      Fire/Tloc      14%        2d11      43%         3
 Metabolic Englaciation   Hex/Ice        9%         N/A       56%         5
 Silence                  Hex/Air        9%         N/A       56%         5
 Summon Mana Viper        Hex/Summ       19%        N/A       56%         5
 Simulacrum               Ice/Necr       14%        N/A       73%         6
 Airstrike                Air            3%         2d(1-17)  83%         4
 Flame Wave               Conj/Fire      7%         2d5       83%         4
 Iskenderun's Mystic Bla  Conj/Tloc      7%         2d4       83%         4
 Olgreb's Toxic Radiance  Pois           7%         N/A       83%         4
 Sticky Flame             Conj/Fire      7%         2d3       83%         4
 Summon Lightning Spire   Summ/Air       7%         N/A       83%         4
 Borgnjor's Revivificati  Necr           24%        N/A       91%         8
 Eringya's Noxious Bog    Tmut/Pois      11%        N/A       94%         6
 Leda's Unmaking          Conj/Erth      10%        9d3       97%         6
 Enfeeble                 Hex            16%        N/A       97%         7
 Arcjolt                  Conj/Air       3%         1d13      99%         5
 Summon Forest            Summ/Tloc      3%         N/A       99%         5
 Haunt                    Necr/Summ      14%        N/A       99%         7
 Necromutation            Tmut/Necr      21%        N/A       99%         8
 Dispersal                Tloc           3%         N/A       100%        6
 Plasma Beam              Fire/Air       3%         2x1d13    100%        6
 Starburst                Conj/Fire      3%         6d3       100%        6
 Summon Cactus Giant      Summ           3%         N/A       100%        6
 Ozocubu's Refrigeration  Ice            3%         4d8       100%        7
 Summon Hydra             Summ           3%         N/A       100%        7
 Discord                  Hex            16%        N/A       100%        8
 Ignition                 Fire           3%         3d4       100%        8
 Lehudib's Crystal Spear  Conj/Erth      10%        10d4      100%        8
 Death's Door             Necr           24%        N/A       100%        9
 Polar Vortex             Ice            3%         N/A       100%        9


Dungeon Overview and Level Annotations

Branches:
Dungeon (15/15)            Temple (0/1) D:4            Lair (5/5) D:10
 Shoals (4/4) Lair:3       Spider (4/4) Lair:2        Slime (0/5) Lair:5
    Orc (2/2) D:10            Elf (3/3) Orc:2        Vaults (5/5) D:14
  Crypt (0/3) Vaults:3     Depths (4/4) D:15            Zot (5/5) Depths:4
  Sewer (visited)         Ossuary (visited)           IceCv (visited)
Volcano (visited)         Desolation (visited)

Altars:
Ashenzari
Dithmenos
Elyvilon
Gozag
Hepliaklqana
Kikubaaqudgha
Makhleb
Okawaru
Vehumet
Xom
Yredelemnul
Jiyva

Shops:
D:4 *   D:5 ?   D:11 (   D:12 [   Orc:2 *:[(   Elf:2 *   Vaults:1 :(
Vaults:4 **!   Vaults:5 [   Depths:1 *

Portals:
Hell: Depths:1 Depths:2 Depths:3 Depths:4
Abyss: Depths:1 Depths:2 Depths:3 Depths:4
Pandemonium: Depths:2 Depths:3
Ziggurat: Depths:2

Annotations:
D:2 Robin
D:4 2 transporters
D:7 2 transporters, exclusion: electric eel
Lair:4 2 transporters, exclusions: ice statue and oklob plant
Elf:2 6 runed translucent doors, exclusion: obsidian statue, dxb338's ghost, journeyman HOFi
Zot:5 exclusions: obsidian statue and 1 more exclusion
Abyss:1 Aizul; Mara


Innate Abilities, Weirdness & Mutations

Your life essence is reduced to manifest your ancestor. (-10% HP)
You are small and have problems with some larger weapons.
You are completely attuned to the shadows.
You have a pair of small horns on your head.
Your system is resistant to poisons. (rPois)
You are covered in fur. (AC +1)


Message History

The large abomination seems to slow down.
You hit the large abomination.
You hit the large abomination but do no damage.
Space warps horribly around the large abomination!
Your headbutt misses the large abomination.
Your unstable footing causes you to fumble your attack.
The large abomination completely misses you.
You puncture the large abomination!
Your headbutt misses the large abomination.
The large abomination is no longer moving slowly.
You puncture the large abomination!
You destroy the large abomination!
The large abomination misses you.
You barely miss the large abomination. You puncture the large abomination!
Space warps horribly around the large abomination.
You headbutt the large abomination, but do no damage.
You hit the large abomination.
Space warps horribly around the large abomination!
You headbutt the large abomination, but do no damage.
You hit the large abomination but do no damage.
The large abomination blinks!
Your unstable footing causes you to fumble your attack.
You hit the large abomination but do no damage.
The large abomination is devoured by a tear in reality.
No target in view!
No target in view!
No target in view!
No target in view!
No target in view!
No target in view!
No target in view!
No target in view!
(D) Dungeon (T) Temple (L) Lair (A) Shoals (N) Spider Nest (M) Slime Pits (O) Orcish Mines (E) Elven Halls (V) Vaults (C) Crypt (U) Depths (H) Hell (Z) Zot
Where to? (Enter - D:1 @ (x,y), ? - help)
There is a staircase leading out of the dungeon here.
You have escaped!

.# #.#.# #######.#.#.#..... .#
##.#.###########.#.........
.######..............#####.......
......#...############8####......
.####.......# ##~~~~~~~##.....
.####.......# ##~#######~##....
.#..........# #8~#8~~~~##~##...
.#.####...#.######~##~###~##~#...
.#†# #...#....#@##~#~#8#~~#~#...
.#.# ###.#....#~~#~#~~~~#~#~###.
.#.# #.#.#..##~#~~#8#~#~#~8##.
.#.# #.#.#...#~##~###~#§#~###.
.#.######.#.#...##~##~~~##~#~# #.
.#........#.####.##~#####~##~# #.
......#####.# ##~##~~~~~##~## #.
.#.##.# #.# ##.#######~## #.
.#.##.# #.# ##.~~~~~~######)


There were no monsters in sight!

Vanquished Creatures
  2 dread liches
  An ancient lich (Vaults:5)
  An orb of fire (Zot:5)
  Sojobo (Vaults:4)
  Bai Suzhen (Vaults:5)
  2 Killer Klowns
  A curse toe (Zot:4)
  A golden dragon (Depths:4)
  Rupert (D:13)
  A walking crystal tome (Depths:3)
  A hellephant (D:15)
  12 tentacled monstrosities
  Mlioglotl (Spider:3)
  10 Orb Guardians
  3 liches
  4 quicksilver dragons
  2 titans (Vaults:5)
  A deep elf blademaster (Elf:3)
  A deep elf master archer (Elf:3)
  2 Executioners
  9 death cobs
  An ancient champion (Depths:1)
  Kirke (D:13)
  3 sphinxes
  13 storm dragons
  2 draconian monks (Zot:3)
  8 shadow dragons
  6 tengu reavers
  Agnes (Spider:3)
  A balrug (Zot:3)
  5 fire giants
  4 draconian knights
  5 emperor scorpions (Spider:4)
  2 orc warlords (Orc:2)
  8 ghost moths
  17 vault wardens
  4 deep elf sorcerers
  2 draconian scorchers
  A juggernaut zombie (Depths:1)
  Louise (Spider:4)
  9 frost giants
  3 draconian stormcallers
  A formless jellyfish (Shoals:4)
  5 draconian shifters
  4 draconian annihilators
  A cacodemon (D:1)
  6 deep elf elementalists (Elf:3)
  2 broodmothers (Spider:2)
  7 ironbound thunderhulks
  15 ironbound preservers
  13 stone giants
  3 vampire knights
  14 green draconians
  12 very ugly things
  A lorocyproca (D:15)
  7 dire elephants
  2 halazid warlocks (Desolation)
  5 deep elf demonologists (Elf:3)
  3 black draconians
  8 red draconians
  3 deep elf annihilators (Elf:3)
  5 yellow draconians
  2 purple draconians
  11 white draconians
  4 merfolk javelineers
  5 crystal guardians
  A blizzard demon (Depths:3)
  14 ettins
  A fire dragon (Depths:1)
  2 deep elf death magi
  2 merfolk impalers (Shoals:4)
  5 ragged hierophants (Desolation)
  2 deep elf high priests
  A rakshasa (Depths:3)
  24 vault guards
  4 great orbs of eyes
  A jorogumo (Spider:2)
  4 entropy weavers
  7 ice dragons
  13 yaktaur captains
  4 caustic shrike simulacra (IceCv)
  4 servants of whispers (Desolation)
  3 merfolk avatars
  A spriggan air mage (Depths:2)
  7 peacekeepers
  4 hydras
  7 merfolk aquamancers
  4 ironbound frosthearts
  A radroach (Spider:3)
  An ogre mage (Vaults:4)
  9 two-headed ogres
  11 centaur warriors
  2 catoblepae
  5 boulder beetles
  An alligator (shapeshifter) (Depths:1)
  A death knight (D:13)
  3 alligator snapping turtles
  20 dancing weapons
  2 deep troll shamans
  3 tengu warriors
  5 death yaks
  6 deep troll earth magi
  2 spriggan berserkers
  An orc high priest (Elf:1)
  A demonic crawler (Spider:4)
  Sonja (Lair:1)
  2 sun demons
  5 hell knights (Depths:1)
  2 iron trolls
  5 skysharks
  7 deep elf knights
  A skeletal warrior (Depths:1)
  4 pharaoh ants
  A fire crab (Lair:5)
  4 sixfirhies
  A sun moth (Spider:2)
  2 large abominations
  8 sea snakes
  3 glowing orange brains
  55 deep trolls
  7 orb spiders
  9 wizards
  16 ironbound convokers
  An obsidian statue (IceCv)
  A bog body (IceCv)
  2 steelbarb worms
  4 deep elf archers
  2 flayed ghosts (Depths:4)
  16 harpies
  16 deep elf zephyrmancers
  16 wolf spiders
  2 necromancers
  10 lindwurms
  24 deep elf pyromancers
  8 orc knights
  23 ugly things
  An oklob plant (Shoals:2)
  A frost giant zombie (Depths:1)
  A phantasmal warrior (Vaults:5)
  6 orc sorcerers
  9 cyclopes
  A tengu skeleton (Depths:1)
  20 moths of wrath
  12 manticores
  12 fauns
  14 elephants
  3 torpor snails
  4 water nymphs
  8 merfolk sirens
  A frost giant skeleton (Depths:1)
  5 guardian serpents (Desolation)
  3 black mambas
  2 gargoyles (D:12)
  A cane toad (shapeshifter) (D:11)
  21 vault sentinels
  7 cane toads
  An unseen horror (D:11)
  16 freezing wraiths
  2 efreet (D:15)
  10 komodo dragons
  3 anaconda simulacra (IceCv)
  2 rime drakes (Lair:5)
  29 yaktaurs
  A tormentor (Depths:2)
  4 ice devils (IceCv)
  3 tengu conjurers
  4 kobold demonologists
  14 meliai
  3 red devils
  2 hellwings (Depths:2)
  4 polar bears
  17 merfolk
  10 trolls
  7 wind drakes
  15 tarantellas
  5 hornets (Spider:4)
  18 blink frogs
  38 saltlings
  A raiju (shapeshifter) (Vaults:4)
  10 snapping turtles
  2 snapping turtles (shapeshifter)
  6 dream sheep
  An air elemental (Elf:1)
  16 culicivoras
  14 jumping spiders
  33 slime creatures
  A spriggan (shapeshifter) (D:13)
  5 wyverns
  2 dire elephant simulacra (IceCv)
  3 shadows
  3 hogs
  A wraith (D:11)
  19 water elementals
  2 basilisks
  2 fire elementals
  21 yaks
  A vampire (D:11)
  A golden eye (shapeshifter) (Elf:3)
  2 steam dragons
  A vampire mosquito (D:10)
  34 redbacks
  A yellow draconian simulacrum (Zot:3)
  A neqoxec (Depths:2)
  A minotaur simulacrum (IceCv)
  3 harpy simulacra (IceCv)
  3 wargs
  Menkaure (D:5)
  3 acid dragons
  A hydra simulacrum (IceCv)
  A hell hound (Volcano)
  A swamp worm (shapeshifter) (Elf:1)
  16 water moccasins
  4 moth of wrath simulacra (Zot:3)
  A swamp drake (D:10)
  4 floating eyes
  A sky beast (D:6)
  2 black bears
  26 orc warriors
  Pargi (Sewer)
  3 ice beasts
  2 alligator simulacra (IceCv)
  11 ogres
  3 ettin simulacra (IceCv)
  A wolf (Lair:5)
  3 boggarts (Vaults:3)
  5 centaurs
  A phantom (D:7)
  An elf zombie (Ossuary)
  2 kobold brigands
  Blork the orc (D:6)
  2 gnoll sergeants
  2 necrophages (D:5)
  19 bullfrogs
  3 earth elementals
  5 scorpions
  A deep troll simulacrum (IceCv)
  A water moccasin zombie (D:5)
  4 wights
  24 killer bees
  3 lindwurm simulacra (IceCv)
  3 electric eels
  3 howler monkeys
  2 bullfrog zombies (D:5)
  A hound (shapeshifter) (Depths:3)
  A human zombie (D:5)
  Crazy Yiuf (D:2)
  A hound (D:6)
  A gnoll bouda (D:8)
  18 orc priests
  6 jellies
  A sleepcap (D:5)
  Natasha (thrice) (D:2)
  6 hexers
  11 iguanas
  14 orc wizards
  2 scorpion zombies (D:5)
  A centaur simulacrum (D:9)
  A hound zombie (D:5)
  3 mummies
  10 gnolls
  11 adders
  A shadow imp (D:8)
  4 white imps
  An ufetubus (D:7)
  5 adder zombies
  2 worms
  4 dart slugs
  82 orcs
  3 bats
  8 endoplasms
  A giant cockroach (D:2)
  13 hobgoblins
  11 jackals
  3 quokkas
  9 ball pythons
  20 frilled lizards
  11 goblins
  A goblin zombie (Ossuary)
  10 hobgoblin zombies (Ossuary)
  2 jackal zombies (Ossuary)
  17 kobolds
  9 kobold zombies (Ossuary)
  7 orc zombies (Ossuary)
  5 rats
  A rat zombie (Ossuary)
  A spectral orc (D:3)
1761 creatures vanquished.

Vanquished Creatures (collateral kills)
  A dread lich (Zot:5)
  An ancient lich (Vaults:5)
  A juggernaut (Depths:4)
  Josephina (Zot:3)
  5 Killer Klowns
  A curse toe (Zot:5)
  3 golden dragons
  A Brimstone Fiend (D:13)
  A bone dragon (Depths:4)
  2 electric golems (Zot:5)
  3 tentacled monstrosities
  11 Orb Guardians (Zot:5)
  2 liches
  A titan (Vaults:4)
  A quicksilver dragon (Zot:5)
  A deep elf master archer (Elf:3)
  2 sphinxes (Depths:3)
  2 storm dragons
  A frost giant (Vaults:4)
  A fire giant (Depths:3)
  2 deep elf sorcerers (Elf:3)
  An imperial myrmidon (Desolation)
  A deep elf elementalist (Elf:3)
  6 very ugly things
  4 ironbound preservers
  2 stone giants (Depths:1)
  A deep elf demonologist (Elf:3)
  A yellow draconian (Zot:3)
  2 black draconians
  A red draconian (Depths:4)
  A deep elf annihilator (Vaults:4)
  A dire elephant (Vaults:1)
  3 deep elf death magi
  A fire dragon (Depths:3)
  2 ettins
  An entropy weaver (Vaults:4)
  2 deep elf high priests
  2 yaktaur captains
  6 vault guards
  A rakshasa (Depths:1)
  A peacekeeper (Vaults:3)
  2 hydras
  2 merfolk aquamancers
  A centaur warrior (Shoals:1)
  A two-headed ogre (Vaults:4)
  A boulder beetle (D:11)
  3 deep troll shamans
  2 death yaks (Lair:5)
  2 deep troll earth magi
  A tengu warrior (Depths:1)
  A hell knight (Depths:4)
  An orc high priest (Orc:2)
  A deep elf knight (Elf:3)
  A soul eater (Depths:3)
  2 skeletal warriors (Depths:1)
  Lodul (D:14)
  A sun moth (Spider:4)
  A deep troll (shapeshifter) (Depths:1)
  9 deep trolls
  3 sea snakes
  3 pharaoh ants
  A steelbarb worm (Spider:2)
  3 ironbound convokers
  A deep elf archer (Elf:1)
  Pikel (D:9)
  A wizard (Vaults:4)
  A phantasmal warrior (Vaults:5)
  3 deep elf zephyrmancers
  2 ugly things
  An orc sorcerer (Vaults:5)
  2 wolf spiders
  An orc knight (Orc:1)
  2 cyclopes
  A manticore (D:12)
  A faun (Shoals:2)
  7 moths of wrath
  3 elephants
  A merfolk siren (Shoals:4)
  A water nymph (Shoals:3)
  A smoke demon (Depths:2)
  A torpor snail (Spider:4)
  A gargoyle (D:12)
  4 vault sentinels
  Maggie (D:8)
  A cane toad (Lair:5)
  4 yaktaurs
  An anaconda simulacrum (IceCv)
  2 freezing wraiths
  A merfolk (Shoals:4)
  4 trolls
  A meliai (D:15)
  4 saltlings (Desolation)
  A hornet (Spider:4)
  2 blink frogs
  3 dream sheep (Lair:4)
  2 jumping spiders (Spider:4)
  6 slime creatures
  A wraith (D:12)
  A wyvern (Lair:2)
  A culicivora (Spider:4)
  9 yaks
  A vampire (D:12)
  11 water elementals
  A fire elemental (Elf:3)
  A redback (Spider:3)
  A large abomination (D:9)
  2 water moccasins
  An ice beast (D:9)
  5 orc warriors
  A swamp drake (Lair:2)
  3 black bears
  An ettin simulacrum (IceCv)
  3 wolves (Lair:5)
  An ogre (Vaults:4)
  A boggart (Vaults:3)
  2 kobold brigands
  4 bullfrogs
  An earth elemental (Elf:3)
  A scorpion (D:6)
  2 wights (D:10)
  2 killer bees
  2 howler monkeys
  2 electric eels
  A jelly (D:8)
  4 orc priests
  4 iguanas
  8 orc wizards
  2 gnolls (D:8)
  16 orcs
  A hobgoblin (D:13)
  A kobold (D:7)
  5 frilled lizards (Lair:2)
  A hobgoblin zombie (Ossuary)
  A kobold zombie (Ossuary)
301 creatures vanquished.

Vanquished Creatures (others)
  A draconian knight (Zot:3)
  A deep troll (Vaults:5)
  A floating eye (Elf:3)
  An iguana (Lair:2)
  43 hexers
  A frilled lizard (Lair:2)
48 creatures vanquished.

Grand Total: 2110 creatures vanquished

Notes
Turn   | Place    | Note
-------+----------+-------------------------------------------
     0 | D:1      | ragingrage the Kobold Wanderer began the quest for the Orb.
     0 | D:1      | ragingrage set off with the following items: a +3 short
                  | sword, a +0 quarterstaff, a potion of curing, a +0 robe.
     0 | D:1      | Reached XP level 1. HP: 12/12 MP: 1/1
    77 | D:1      | You fall into a shaft and drop 1 floor!
   129 | D:2      | Noticed Natasha
   140 | D:2      | Noticed a cerulean imp
   141 | D:2      | Killed Natasha
   142 | D:2      | Reached skill level 5 in Short Blades
   142 | D:2      | Reached XP level 2. HP: 5/17 MP: 2/2
   142 | D:2      | Reached XP level 3. HP: 7/21 MP: 3/3
   694 | D:1      | Reached XP level 4. HP: 20/26 MP: 4/4
  1086 | D:2      | Found a faded altar of an unknown god.
  1173 | D:2      | Learned a level 3 spell: Confusing Touch
  1296 | D:2      | Found a runed translucent door.
  1299 | D:2      | Noticed Crazy Yiuf
  1454 | D:2      | Noticed Natasha
  1469 | D:2      | Killed Natasha
  1470 | D:2      | Reached XP level 5. HP: 13/30 MP: 5/5
  1687 | D:2      | Noticed Robin
  1709 | D:2      | Reached skill level 1 in Hexes
  1814 | D:2      | Noticed Natasha
  1816 | D:2      | Killed Natasha
  1954 | D:2      | Gained mutation: You occasionally lose the ability to read
                  | scrolls when taking damage. [potion of mutation]
  1954 | D:2      | Gained mutation: You are partially covered in iridescent
                  | scales. (AC +2) [potion of mutation]
  1954 | D:2      | Gained mutation: You expend magic power (3 MP) to
                  | strengthen your wands. [potion of mutation]
  2227 | D:2      | Lost mutation: You expend magic power (3 MP) to strengthen
                  | your wands. [potion of mutation]
  2227 | D:2      | Lost mutation: You are partially covered in iridescent
                  | scales. (AC +2) [potion of mutation]
  2227 | D:2      | Gained mutation: Your magical capacity is low. (-10% MP)
                  | [potion of mutation]
  2227 | D:2      | Gained mutation: Your muscles are strong. (Str +4, Int/Dex
                  | -1) [potion of mutation]
  2228 | D:2      | Lost mutation: Your muscles are strong. (Str +4, Int/Dex
                  | -1) [potion of mutation]
  2228 | D:2      | Lost mutation: You occasionally lose the ability to read
                  | scrolls when taking damage. [potion of mutation]
  2228 | D:2      | Lost mutation: Your magical capacity is low. (-10% MP)
                  | [potion of mutation]
  2228 | D:2      | Gained mutation: Potions are less effective at restoring
                  | your health. [potion of mutation]
  2228 | D:2      | Gained mutation: You have hidden genetic potential. [potion
                  | of mutation]
  2228 | D:2      | Lost mutation: Potions are less effective at restoring your
                  | health. [potion of mutation]
  2228 | D:2      | Gained mutation: You are covered in fur. (AC +1) [potion of
                  | mutation]
  2297 | D:2      | Killed Crazy Yiuf
  2380 | D:3      | Reached XP level 6. HP: 34/35 MP: 6/6
  2412 | D:3      | Found a glowing drain.
  2500 | Sewer    | Entered a sewer
  2552 | Sewer    | Noticed Pargi
  2556 | Sewer    | Killed Pargi
  2559 | Sewer    | Gained mutation: Your system is resistant to poisons.
                  | (rPois) [hidden potential]
  2865 | D:3      | Found a hazy altar of Hepliaklqana.
  2919 | D:3      | Reached XP level 7. HP: 40/40 MP: 7/7
  3139 | D:3      | Found a shimmering altar of Xom.
  3279 | D:3      | Became a worshipper of Hepliaklqana the Forgotten
  3796 | D:4      | Found an iron altar of Okawaru.
  4049 | D:4      | Found Liuqik's General Store.
  4060 | D:4      | Bought a scroll of poison for 44 gold pieces
  4095 | D:4      | Found a staircase to the Ecumenical Temple.
  4173 | D:4      | Reached * piety under Hepliaklqana
  4322 | D:4      | Gained mutation: You have a pair of small horns on your
                  | head. [hidden potential]
  4322 | D:4      | Lost mutation: You have hidden genetic potential. [hidden
                  | potential expressed]
  4368 | D:4      | Found a transporter.
  4450 | D:4      | Found a shadowy altar of Dithmenos.
  4681 | D:4      | Found a transporter.
  4685 | D:4      | Identified the +1 halberd of Qazlal {venom, rF+ rN+ Dex-5}
  4820 | D:5      | Entered Level 5 of the Dungeon
  5112 | D:5      | Reached XP level 8. HP: 39/39 MP: 8/8
  5172 | D:5      | Reached skill level 10 in Short Blades
  5245 | D:5      | Found The Oracle's Delphic Readings.
  5250 | D:5      | Learned a level 2 spell: Ensorcelled Hibernation
  5279 | D:5      | Reached skill level 2 in Dodging
  5825 | D:5      | Reached skill level 3 in Dodging
  5869 | D:5      | Found a basalt altar of Yredelemnul.
  5880 | D:5      | Reached skill level 4 in Dodging
  5979 | D:5      | Reached skill level 5 in Fighting
  5979 | D:5      | Reached skill level 5 in Dodging
  5979 | D:5      | Reached XP level 9. HP: 48/48 MP: 9/9
  6048 | D:5      | Noticed Menkaure
  6052 | D:5      | Killed Menkaure
  6067 | D:5      | Found a radiant altar of Vehumet.
  6641 | D:6      | Reached skill level 6 in Dodging
  6641 | D:6      | Reached skill level 5 in Stealth
  6678 | D:6      | Reached ** piety under Hepliaklqana
  6679 | D:6      | Remembered your ancestor Hrothgar as a hexer
  7071 | D:6      | Noticed Blork the orc
  7081 | D:6      | Killed Blork the orc
  7085 | D:6      | Reached skill level 7 in Dodging
  7584 | D:6      | Reached XP level 10. HP: 56/56 MP: 10/10
  7708 | D:7      | Found a burning altar of Makhleb.
  7798 | D:7      | Found a transporter.
  7911 | D:7      | Found a transporter.
  8172 | D:7      | Reached skill level 8 in Dodging
  8186 | D:7      | Reached *** piety under Hepliaklqana
  8585 | D:8      | Noticed Maggie
  8596 | D:8      | Killed Maggie
  8597 | D:8      | Reached skill level 9 in Dodging
  8758 | D:8      | Found a sand-covered staircase.
  8770 | Ossuary  | Entered an ossuary
  9073 | D:8      | Noticed a cyclops
  9102 | D:8      | Killed a cyclops
  9750 | D:8      | Reached skill level 10 in Fighting
 10271 | D:9      | Reached skill level 1 in Invocations
 10427 | D:9      | Reached XP level 11. HP: 45/64 MP: 12/12
 10639 | D:9      | Noticed Pikel
 10651 | D:9      | Killed Pikel
 10733 | D:9      | Reached **** piety under Hepliaklqana
 11132 | D:9      | Reached skill level 10 in Dodging
 11444 | D:10     | Entered Level 10 of the Dungeon
 11500 | D:10     | Found a staircase to the Lair.
 11867 | D:10     | Noticed a two-headed ogre
 11871 | D:10     | Killed a two-headed ogre
 11872 | D:10     | Reached skill level 5 in Invocations
 12152 | D:10     | Reached skill level 11 in Dodging
 12203 | D:10     | Reached XP level 12. HP: 68/69 MP: 16/16
 12217 | D:10     | Found a staircase to the Orcish Mines.
 12461 | D:10     | Noticed a two-headed ogre
 12465 | D:10     | Killed a two-headed ogre
 12466 | D:10     | Reached skill level 12 in Dodging
 12625 | D:11     | Noticed a boulder beetle
 12640 | D:11     | Killed a boulder beetle
 12641 | D:11     | Reached skill level 13 in Dodging
 12641 | D:11     | Reached skill level 1 in Evocations
 13053 | D:11     | Noticed a two-headed ogre
 13064 | D:11     | Killed a two-headed ogre
 13177 | D:11     | Noticed a two-headed ogre
 13251 | D:11     | Killed a two-headed ogre
 13252 | D:11     | Reached skill level 5 in Evocations
 13531 | D:11     | Found a broken altar of Ashenzari.
 13731 | D:11     | Noticed a death knight
 13763 | D:11     | Noticed a two-headed ogre
 13769 | D:11     | Killed a two-headed ogre
 13770 | D:11     | Reached XP level 13. HP: 76/76 MP: 18/18
 13960 | D:11     | Found Xixein's Weapon Shoppe.
 14430 | D:12     | Reached ***** piety under Hepliaklqana
 14757 | D:12     | Found Hirohog's Armour Boutique.
 15375 | D:13     | Noticed Kirke
 15499 | Lair:1   | Entered Level 1 of the Lair of Beasts
 15982 | Lair:1   | Noticed Sonja
 15987 | Lair:1   | Killed Sonja
 16485 | Lair:2   | Noticed a five-headed hydra
 16494 | Lair:2   | Killed a five-headed hydra
 16575 | Lair:2   | Found a hole to the Spider Nest.
 16694 | Lair:2   | Reached XP level 14. HP: 83/84 MP: 19/19
 16856 | Lair:2   | Reached skill level 10 in Stealth
 16870 | Lair:2   | Identified the +0 leather armour of the Present {rC- rN+
                  | Regen+ Int+2}
 17610 | Lair:3   | Reached ****** piety under Hepliaklqana
 17619 | Lair:3   | Reached skill level 14 in Dodging
 17898 | Lair:3   | Found a staircase to the Shoals.
 18360 | Lair:4   | Found a transporter.
 18360 | Lair:4   | Found a transporter.
 19376 | Lair:5   | Entered Level 5 of the Lair of Beasts
 19474 | Lair:5   | Reached skill level 1 in Shields
 20324 | Lair:5   | Reached XP level 15. HP: 86/88 MP: 14/21
 20444 | Lair:5   | Found a viscous altar of Jiyva.
 20685 | Lair:5   | Found a staircase to the Slime Pits.
 21061 | Lair:5   | Reached skill level 15 in Stealth
 21064 | Lair:5   | Reached skill level 5 in Shields
 21199 | Lair:5   | Identified the +0 plate armour of Unreason {Regen+ Str+2
                  | Slay+3}
 21416 | Orc:1    | Entered Level 1 of the Orcish Mines
 21574 | Orc:2    | Entered Level 2 of the Orcish Mines
 21662 | Orc:1    | Found a dark tunnel.
 21678 | Volcano  | Entered a volcano
 21733 | Volcano  | Reached skill level 5 in Armour
 22038 | Orc:2    | Found a staircase to the Elven Halls.
 22139 | Orc:2    | Paralysed by an orc sorcerer for 4 turns
 22426 | Orc:2    | Reached skill level 10 in Evocations
 22433 | Orc:2    | Noticed an orc warlord
 22510 | Orc:2    | Killed an orc warlord
 22745 | Orc:2    | Found Emalir's Book Emporium.
 22773 | Orc:2    | Found Void's General Store.
 22889 | Orc:2    | Found Bidos's Antique Armour Emporium.
 22894 | Orc:2    | Bought a translucent hat for 279 gold pieces
 22894 | Orc:2    | Identified the +0 hat of the Serpent {Rampage +Blink Will++
                  | Str-3} (You bought it in a shop on level 2 of the Orcish
                  | Mines)
 22950 | Orc:2    | Noticed an orc warlord
 22965 | Orc:2    | Killed an orc warlord
 23442 | Orc:2    | Found Mirchoth's Antique Weapon Emporium.
 23573 | D:12     | Learned a level 2 spell: Passwall
 23663 | D:13     | Killed Kirke
 23664 | D:13     | Reached XP level 16. HP: 75/94 MP: 16/22
 23771 | D:13     | Noticed Rupert
 23778 | D:13     | Killed Rupert
 23779 | D:13     | Reached skill level 1 in Transmutations
 23779 | D:13     | Reached skill level 1 in Earth Magic
 24053 | D:13     | Reached skill level 15 in Dodging
 24350 | D:14     | Found a gate to the Vaults.
 24707 | D:14     | Identified the +0 cloak of Muczath {*Slow rElec rF- Int+6}
 24784 | D:14     | Noticed Lodul
 25537 | D:14     | Found a gate to the Vaults.
 25701 | D:14     | Killed Lodul
 26453 | D:15     | Entered Level 15 of the Dungeon
 27401 | D:15     | Found a staircase to the Depths.
 28420 | Orc:2    | Bought a phial of floods for 680 gold pieces
 28595 | Shoals:1 | Entered Level 1 of the Shoals
 29596 | Shoals:2 | Found a shimmering altar of Xom.
 29663 | Shoals:2 | Reached XP level 17. HP: 99/100 MP: 21/23
 30157 | Shoals:2 | Reached skill level 16 in Dodging
 30597 | Shoals:3 | Reached skill level 15 in Fighting
 31534 | Shoals:4 | Entered Level 4 of the Shoals
 31667 | Shoals:4 | Identified the staff of air "Zeru Ire" {Fly rElec}
 31941 | Shoals:4 | Identified the +3 long sword "Xom's Attic" {flame, *Slow
                  | Will+ Dex+3}
 32683 | Shoals:4 | Reached XP level 18. HP: 85/107 MP: 18/24
 33065 | Shoals:4 | Got a barnacled rune of Zot
 33228 | Spider:1 | Entered Level 1 of the Spider Nest
 33392 | Spider:1 | Reached skill level 15 in Evocations
 33409 | Spider:1 | You fall into a shaft and drop 1 floor!
 33979 | Spider:2 | Reached skill level 5 in Earth Magic
 34575 | Spider:3 | Reached skill level 5 in Transmutations
 34632 | Spider:3 | Noticed Aizul
 34790 | Spider:3 | Found a frozen archway.
 34799 | IceCv    | Entered an ice cave
 34929 | IceCv    | Noticed a lich
 34936 | IceCv    | Killed a lich
 34991 | IceCv    | Found the +4 skin of Zhor {*Englaciate rC+++ SInv}
 35414 | IceCv    | Found an ancient bone altar of Kikubaaqudgha.
 35639 | Spider:3 | Reached skill level 17 in Dodging
 35640 | Spider:3 | Reached XP level 19. HP: 112/112 MP: 25/25
 35675 | Spider:3 | Noticed Agnes
 35675 | Spider:3 | Noticed Mlioglotl
 35682 | Spider:3 | Killed Agnes
 35808 | Spider:3 | Killed Mlioglotl
 35964 | Spider:3 | Banished Aizul
 36107 | Spider:4 | Entered Level 4 of the Spider Nest
 36266 | Spider:4 | Noticed Louise
 36273 | Spider:4 | Killed Louise
 37003 | Spider:4 | Reached skill level 18 in Dodging
 37286 | Spider:4 | Got a gossamer rune of Zot
 37690 | Elf:1    | Entered Level 1 of the Elven Halls
 38319 | Elf:1    | Got Gyodweem's Catalogue of Energy and the Entourage
 38589 | Elf:2    | Reached XP level 20. HP: 114/123 MP: 23/26
 38644 | Elf:2    | Found a runed translucent gate.
 38644 | Elf:2    | Found a runed translucent gate.
 38711 | Elf:2    | Found an opulent altar of Gozag.
 38712 | Elf:2    | Found a runed translucent gate.
 38712 | Elf:2    | Noticed dxb338's ghost (journeyman HOFi)
 38713 | Elf:2    | Found Uloicsim's Assorted Antiques.
 38839 | Elf:2    | Found a runed translucent gate.
 38839 | Elf:2    | Found a runed translucent gate.
 38840 | Elf:2    | Found a runed translucent gate.
 39129 | Elf:3    | Entered Level 3 of the Elven Halls
 39345 | Elf:3    | Identified the +1 leather armour "Megut" {-Cast rPois rC+++
                  | Stlth+}
 39411 | Elf:3    | Paralysed by a floating eye for 2 turns
 40374 | Elf:3    | Identified the ring "Muoku" {Int+5 SInv}
 40886 | Elf:3    | Identified the +4 scale mail "Fishrimm" {rElec rPois Dex-5
                  | SInv}
 40891 | Elf:3    | Got the Omnibus of Spellbinding and Degeneration
 40909 | Elf:3    | Identified the +0 scale mail "Bojon" {Harm Will+ Regen+
                  | Str-2}
 40910 | Elf:3    | Identified the staff of fire "Qunuves" {rPois rF+ Int+7
                  | Dex-5}
 40916 | Elf:3    | Identified the +7 orcbow of Qahoaw {flame, Will++}
 40987 | Elf:3    | Reached skill level 19 in Dodging
 41573 | Vaults:1 | Entered Level 1 of the Vaults
 41751 | Vaults:1 | Reached XP level 21. HP: 131/131 MP: 27/27
 41944 | Vaults:1 | Identified the ring "Amuurpho Elie" {rF+ MP+9 Dex+2 Stlth-}
 41967 | Vaults:1 | Identified the amulet of the Imp {RegenMP Str+3 Slay+2}
 43008 | Vaults:1 | Found Xogg's Weapon Emporium.
 43321 | Vaults:1 | Reached skill level 20 in Dodging
 43516 | Vaults:1 | Found Unismom's Book Emporium.
 44841 | Vaults:2 | Reached skill level 1 in Spellcasting
 45014 | Vaults:2 | Identified the +3 long sword "Niasule" {heavy, *Noise rN+
                  | Int+3}
 45255 | Vaults:2 | Reached XP level 22. HP: 101/136 MP: 24/28
 46030 | Vaults:3 | Found a staircase to the Crypt.
 46030 | Vaults:3 | Found a basalt altar of Yredelemnul.
 46030 | Vaults:3 | Found an ancient bone altar of Kikubaaqudgha.
 46677 | Vaults:3 | Reached skill level 5 in Spellcasting
 46964 | Vaults:3 | Learned a level 4 spell: Passage of Golubria
 47064 | Vaults:4 | Found Junwuk's Assorted Antiques.
 47069 | Vaults:4 | Bought a lightning rod (4/4) for 990 gold pieces
 47069 | Vaults:4 | Bought a scroll of teleportation for 99 gold pieces
 47118 | Vaults:4 | Found a crumbling gateway.
 47133 | Desolati | Entered the Desolation of Salt
 47319 | Desolati | Identified the +1 flail "Mybete" {drain, Fly Will- rCorr
                  | MP+9}
 47503 | Desolati | Identified the +0 falchion of the Thieving Gods {vamp,
                  | Str-3 Int+7 Dex+3}
 47513 | Desolati | Identified the +4 flail of the Supporting Spider {chaos,
                  | *Rage Fragile Str+8}
 47599 | Desolati | Reached XP level 23. HP: 139/142 MP: 26/30
 47927 | Vaults:4 | Found Koagogh's Assorted Antiques.
 47964 | Vaults:4 | Bought a sack of spiders for 1640 gold pieces
 47967 | Vaults:4 | Found Ogug Jumei's Distillery.
 47972 | Vaults:4 | Bought a potion of curing for 39 gold pieces
 47972 | Vaults:4 | Bought a potion of curing for 39 gold pieces
 47972 | Vaults:4 | Bought a potion of heal wounds for 65 gold pieces
 47972 | Vaults:4 | Bought a potion of might for 52 gold pieces
 49297 | Vaults:5 | Entered Level 5 of the Vaults
 49312 | Vaults:5 | Noticed an ancient lich
 49331 | Vaults:5 | Killed an ancient lich
 49332 | Vaults:5 | Reached skill level 21 in Dodging
 49346 | Vaults:5 | Noticed an ancient lich
 49363 | Vaults:5 | Killed an ancient lich
 49410 | Vaults:5 | Noticed a dread lich
 49410 | Vaults:5 | Noticed a dread lich
 49424 | Vaults:5 | Killed a dread lich
 49451 | Vaults:5 | Identified the ring "Wironur" {Wiz rElec rC- rN+++ Will-}
 49532 | Vaults:5 | Identified the staff of earth "Caunif" {rPois rC+ Str-5}
 49568 | Vaults:5 | Reached XP level 24. HP: 76/149 MP: 9/30
 49771 | Vaults:5 | Banished a dread lich
 50042 | Vaults:5 | Noticed Mara
 50048 | Vaults:5 | Noticed ragingrage's illusion
 50053 | Vaults:5 | Banished Mara
 50309 | Vaults:5 | Noticed a golden dragon
 50316 | Vaults:5 | Banished a golden dragon
 50410 | Vaults:5 | Identified the +2 demon whip "Ponehikh" {venom, rElec rC+}
 50414 | Vaults:5 | Identified the staff of cold "Caeg" {rElec rC+ Dex+3
                  | Stlth+}
 50693 | Vaults:4 | Reached skill level 22 in Dodging
 50914 | Vaults:5 | Noticed a golden dragon
 51032 | Vaults:5 | Identified the +1 flail of Uplifting Slow Death {speed,
                  | rElec rPois MP+9}
 51043 | Vaults:4 | Banished a golden dragon
 51511 | Vaults:5 | Noticed Sojobo
 51515 | Vaults:5 | Noticed an ancient lich
 51528 | Vaults:4 | Killed Sojobo
 51792 | Vaults:4 | Banished an ancient lich
 52442 | Vaults:4 | Reached skill level 10 in Spellcasting
 52859 | Vaults:5 | Reached skill level 1 in Necromancy
 53122 | Vaults:5 | Got a silver rune of Zot
 53208 | Vaults:5 | Noticed Bai Suzhen
 53211 | Vaults:5 | Killed Bai Suzhen
 53288 | Vaults:5 | Found Esum's Armour Shoppe.
 53402 | Vaults:5 | Identified the staff of poison "Haezith" {rElec rPois
                  | Int+3}
 53407 | Vaults:5 | Identified the +0 pair of gloves of the Mind {rElec Dex+3}
 53428 | Vaults:5 | Identified the staff of earth "Onay" {rF+ rN+}
 53431 | Vaults:5 | Identified the +6 quarterstaff "Diyggav" {distort, rN+}
 53440 | Vaults:5 | Identified the +0 plate armour of Pathos {Fly Str-4 Slay+3}
 53526 | Vaults:5 | Learned a level 5 spell: Yara's Violent Unravelling
 53568 | Vaults:5 | Learned a level 6 spell: Death Channel
 53919 | Depths:1 | Entered Level 1 of the Depths
 54113 | Depths:1 | Reached XP level 25. HP: 155/155 MP: 37/37
 54487 | Depths:1 | Found a one-way gate to the infinite horrors of the Abyss.
 54586 | Depths:1 | Found the +7 lajatang of Order {silver, rMut}
 54968 | Depths:1 | Identified the +4 whip "Kiesch" {freeze, rPois Str+5}
 55008 | Depths:1 | Reached skill level 5 in Hexes
 55150 | Depths:1 | Found Big Baal Hell's Store.
 55199 | Depths:1 | Found a gateway to Hell.
 55269 | Depths:1 | Identified the +0 chain mail of Gallantry {-Tele Str+5}
 55432 | Depths:1 | Reached skill level 5 in Necromancy
 56305 | Depths:2 | Found a one-way gateway to a ziggurat.
 56333 | Depths:2 | Reached skill level 10 in Transmutations
 56362 | Depths:2 | Reached skill level 10 in Earth Magic
 56545 | Depths:2 | Found a one-way gate leading to the halls of Pandemonium.
 57036 | Depths:3 | Reached XP level 26. HP: 79/162 MP: 17/37
 57571 | Depths:3 | Found a white marble altar of Elyvilon.
 57909 | Depths:4 | Entered Level 4 of the Depths
 58034 | Depths:4 | Reached skill level 23 in Dodging
 58152 | Depths:4 | Noticed a juggernaut
 58167 | Depths:4 | Killed a juggernaut
 58373 | Depths:4 | Found a gate to the Realm of Zot.
 58538 | Depths:4 | Reached skill level 10 in Necromancy
 58886 | Depths:4 | Found a shadowy altar of Dithmenos.
 59390 | Zot:1    | Entered Level 1 of the Realm of Zot
 59408 | Zot:1    | You fall into a shaft and drop 1 floor!
 59834 | Zot:2    | Noticed a Killer Klown
 59852 | Zot:2    | Noticed a Killer Klown
 59859 | Zot:2    | Killed a Killer Klown
 59861 | Zot:2    | Killed a Killer Klown
 60938 | Zot:3    | Reached skill level 15 in Necromancy
 61279 | Zot:3    | Identified the ring "Qeadol" {Ice *Corrode Will++ Str+4}
 61279 | Zot:3    | Noticed Josephina
 61292 | Zot:3    | Killed Josephina
 61293 | Zot:3    | Reached XP level 27. HP: 149/169 MP: 37/37
 62101 | Zot:4    | Reached skill level 24 in Dodging
 63459 | Zot:5    | Entered Level 5 of the Realm of Zot
 63724 | Zot:5    | Reached skill level 25 in Dodging
 63932 | Zot:5    | Found the +8 Vampire's Tooth {megavamp}
 64580 | Zot:5    | Noticed a Killer Klown
 64633 | Zot:5    | Noticed a dread lich
 64642 | Zot:5    | Killed a dread lich
 64648 | Zot:5    | Reached skill level 26 in Dodging
 64687 | Zot:5    | Noticed a Killer Klown
 64688 | Zot:5    | Noticed an orb of fire
 64698 | Zot:5    | Banished an orb of fire
 64698 | Zot:5    | Noticed a Killer Klown
 64701 | Zot:5    | Killed a Killer Klown
 64703 | Zot:5    | Killed a Killer Klown
 64719 | Zot:5    | Killed a Killer Klown
 64788 | Zot:5    | Noticed a Killer Klown
 64805 | Zot:5    | Killed a Killer Klown
 65009 | Zot:5    | Noticed a dread lich
 65014 | Zot:5    | Noticed an orb of fire
 65020 | Zot:5    | Killed a dread lich
 65026 | Zot:5    | Killed an orb of fire
 65029 | Zot:5    | Noticed a Killer Klown
 65044 | Zot:5    | Reached skill level 27 in Dodging
 65047 | Zot:5    | Killed a Killer Klown
 65247 | Zot:5    | Got the Orb of Zot
 65809 | D:5      | Noticed Zaagoimm the pandemonium lord
 65998 | D:$      | Escaped with the Orb!

Illustrated notes

Levels and vault maps discovered:
D:1:      nagdon_arrival_double_spiral, layout_loops_ring
D:2:      layout_rooms, basic_ecumenical_altar, kennysheep_generic_room_13,
          uniq_crazy_yiuf_cottage, uniq_robin, uniq_natasha
D:3:      layout_basic, lemuel_coloured_pillars_altar,
          nicolae_hepliaklqana_monster_ancestors, cheibrodos_sewer_entry_drain,
          nicolae_half_adder
D:4:      layout_loops_corners, mainiacjoe_overflow_paths, okawaru_trees_2,
          minmay_temple_entry_drinking_statues, serial_shops, shop,
          gammafunk_ghost_gnarly_gnolls, grunt_tough_drop
D:5:      layout_layer_cave, lemuel_mausoleum_altar_yredelemnul,
          nicolae_vehumet_radiance, nicolae_nh_oracle_at_delphi, uniq_menkaure
D:6:      layout_cave_pods, uniq_blork_the_orc
D:7:      layout_loops_cross, mainiacjoe_overflow_alcove_4,
          gammafunk_ghost_hive, minmay_crystal_water, minmay_unpleasant_kobolds
D:8:      layout_basic, lightli_ossuary_entry_decrepit_ruins,
          minmay_tree_intersection, uniq_maggie
D:9:      layout_basic, serial_ice, serial_ice_m, serial_ice_n, serial_ice_d,
          serial_ice_f, serial_ice_k, uniq_pikel
D:10:     layout_roguey, due_lair_maze_entry_diamond, erik_orc_1
D:11:     cheibrodos_ideogram_h, layout_basic, serial_shops,
          kennysheep_little_box, nicolae_ashenzari_panopticon
D:12:     layout_gridville, serial_shops, nicolae_shop_tiny_statue_garden
D:13:     cheibrodos_orc_bank, layout_cross, uniq_kirke, uniq_rupert
D:14:     layout_stronghold, erik_vaults_1, nicolae_cairo_tiling_very_big,
          serial_bayou, serial_bayou_pond_a, serial_bayou_lagoon_a,
          serial_bayou_pond_d, serial_bayou_shore_a, uniq_lodul
D:15:     grunt_enter_depths_hoard, layout_gridville, minmay_misc_feat_cross
Lair:1:   layout_chaotic_city, serial_bayou_pond_c, beast_lair_carwin_4,
          infiniplex_staircase_pool_2, uniq_sonja
Lair:2:   lemuel_reptile_caves, layout_misc_corridors,
          hellmonk_spider_entry_life_and_decay, patterned_corridor
Lair:3:   layout_misc_corridors, elwin_shoals_entry_rooms
Lair:4:   layout_long_grid, nzn_ghost_randoct
Lair:5:   hangedman_lair_in_review, layout_regular_city,
          nicolae_slime_entry_slimehenge, amcnicky_mini_pool_medium
Shoals:1: layout_shoals
Shoals:2: layout_shoals, lemuel_oklob_altar
Shoals:3: cheibrodos_shoals_baths, layout_shoals
Shoals:4: shoals_end_grunt_ice, layout_shoals
Spider:1: layout_spider_delve, nicolae_spider_webbed_stairs
Spider:2: layout_cave_pods, special_room [special_room_bee]
Spider:3: layout_spider_delve, portal_ice_cave_entry_pillars_2, uniq_aizul,
          uniq_agnes, uniq_mlioglotl
Spider:4: spider_rune_water, nicolae_spider_not_touching_you, uniq_louise
Orc:1:    layout_caves, nicolae_volcano_entry_hallway
Orc:2:    grunt_orc_cross, layout_diamond_mine
Elf:1:    layout_gridlike, minmay_elf_sorcery, minivault_25
Elf:2:    nicolae_elf_blades_splatter_lattice [nicolae_blade_entry_pointy_end],
          layout_rooms, ebering_ghost_gozag
Elf:3:    minmay_elf_hall_quartered_circle, layout_geoelf_castle,
          onia_ninara_cookie
Vaults:1: ontoclasm_vaults_hangar, nicolae_vaults_tangram_2,
          nicolae_vaults_taking_the_gang_shopping, vaults_mumra_hexcomb,
          nicolae_vaults_storing_the_good_stuff,
          nicolae_vaults_doubleplus_tesselated, ontoclasm_vaults_pinch,
          nicolae_vaults_stepped_doors, nicolae_vaults_tetromino_L_1,
          nicolae_vaults_storage_closets_3, nicolae_vaults_trapezoid_lopsided_3,
          nicolae_vaults_ring_of_whatevers, nicolae_vaults_house_1,
          layout_vaults_omnicross, serial_shops, nicolae_book_shop_shelving
Vaults:2: nicolae_vaults_wrenched, nicolae_vaults_frosty_reception,
          nicolae_vaults_tetromino_Z_1, nicolae_vaults_ninety_degrees,
          nicolae_vaults_offset_grid_hallway_2, v_misc_31,
          nicolae_vaults_double_plus_3, st_smaller_cells,
          hangedman_vaults_locks, hangedman_vaults_cutoff, v_alt_pattern_1,
          grunt_vaults_hallway_short, layout_vaults_omnibox
Vaults:3: minmay_crypt_entry_necro_gods, hangedman_vaults_corner, v_misc_22,
          vaults_room_large_hall, nicolae_vaults_double_plus_2,
          nicolae_vaults_bisected_exclaves, nicolae_vaults_circle_grid_a,
          nicolae_vaults_three_branches, v_misc_4, vaults_room_hallway,
          layout_vaults_big_room
Vaults:4: portal_desolation_entry_nicolae_nacl, nicolae_vaults_little_squares_3,
          nicolae_vaults_trapezoid_1, nicolae_vaults_border_crossing,
          nicolae_vaults_network_star, v_pattern_2, nicolae_vaults_diamond_2,
          nicolae_vaults_tetromino_Z_1, hangedman_vaults_maws, vaults_dpeg_ring,
          nicolae_vaults_big_ls, layout_vaults_omnigrid, serial_shops,
          nicolae_shop_crystal, nicolae_lakefront_shop, shop
Vaults:5: serial_shops, uniq_bai_suzhen, uniq_sojobo, uniq_mara
Depths:1: layout_gridlike, abyss_entry, nicolae_hell_entry_big_baal_hell,
          nicolae_concentric_dashed_squares_mild, minmay_multi_spiral
Depths:2: nicolae_BIG_FREAKIN_CUBE, layout_gridlike, enter_ziggurat_e,
          grunt_hell_entry_dis_mu, rand_demon_pan_entry_1, abyss_entry,
          amcnicky_mini_pool_small
Depths:3: minmay_the_grid_3x2 [minmay_the_grid_box_x, minmay_the_grid_slots,
          minmay_the_grid_diamond_grid, minmay_the_grid_gridbox,
          minmay_the_grid_eight, minmay_the_grid_prize_inner_circle],
          layout_cave_shapes, hell_entry, abyss_entry, minmay_misc_feat_pillars,
          rand_demon_pan_entry_3, elyvilon_altar_3
Depths:4: grunt_zot_entry_tricorne, layout_basic, pf_coc_iceberg,
          abyss_entry_crystal, nicolae_dithmenos_the_darkroom, serial_curves,
          eino_curves_02, eino_curves_01
Zot:1:    lemuel_draconian_sentries, layout_onion_interference, uniq_grunn
Zot:2:    grunt_zot_stairs_faceoff, layout_gridlike
Zot:3:    layout_gridlike, uniq_josephina
Zot:4:    minmay_elemental_castle, layout_basic, st_stairs_7
Zot:5:    layout_onion

Skill      XL: |  1  2  3  4  5  6  7  8  9 10 11 12 13 14 15 16 17 18 19 20 21 22 23 24 25 26 27 |
---------------+----------------------------------------------------------------------------------+-----
Short Blades   | 5 6 7 9 10 14 | 14.0
Stealth        | 2 3 4 7 9 13 15 18 19 20 21 22 23 | 23.0
Hexes          | 1 3 4 6 7 9 |  9.0
Dodging        | 5 7 9 11 13 14 15 16 17 18 19 20 21 22 23 27 | 27.0
Fighting       | 5 7 10 11 13 14 15 18 20 21 22 23 24 | 24.0
Armour         | 2 4 5 6 7 |  7.0
Invocations    | 2 6 7 8 |  8.0
Evocations     | 5 6 9 10 11 13 15 18 19 20 | 20.0
Shields        | 3 5 6 |  6.0
Transmutations | 3 4 6 7 9 10 11 | 11.0
Earth Magic    | 3 4 7 9 10 | 10.0
Spellcasting   | 2 5 10 | 10.0
Necromancy     | 2 8 15 | 15.0
Staves         | |  1.0

Action                     |  1- 3 |  4- 6 |  7- 9 | 10-12 | 13-15 | 16-18 | 19-21 | 22-24 | 25-27 || total
---------------------------+-------+-------+-------+-------+-------+-------+-------+-------+-------++-------
  Melee: Short sword       |    48 |    97 |       |   162 |       |       |       |       |       ||   307
         Punch             |       |     2 |     7 |    11 |     9 |       |       |       |       ||    29
         Dagger            |       |    53 |   289 |   585 |       |       |       |       |       ||   927
         Headbutt          |       |       |    37 |   210 |   300 |   297 |   318 |   379 |   441 ||  1982
         Rapier            |       |       |       |     8 |  1052 |  1122 |  1005 |  1140 |  1192 ||  5519
         Unarmed           |       |       |       |       |     3 |       |       |       |       ||     3
  Throw: Dart              |       |     1 |       |     8 |       |     1 |       |     1 |       ||    11
         Boomerang         |       |       |       |       |     1 |       |       |       |       ||     1
   Cast: Confusing Touch   |       |       |       |     3 |       |       |       |       |       ||     3
         Death Channel     |       |       |       |       |       |       |       |       |     8 ||     8
         Passwall          |       |       |       |       |       |       |       |       |     2 ||     2
 Invoke: Ancestor Life: He |       |       |     1 |       |       |       |       |       |       ||     1
         Idealise          |       |       |       |       |     3 |       |     1 |     2 |    10 ||    16
         Recall Ancestor   |       |       |       |       |     2 |     2 |     3 |    10 |    10 ||    27
Ability: Evoke Invisibilit |       |       |       |       |       |       |     2 |     1 |     1 ||     4
         Evoke Blink       |       |       |       |       |       |       |       |     1 |       ||     1
  Evoke: Wand              |       |       |       |     3 |     5 |     8 |     1 |     8 |     6 ||    31
         Tin of tremorston |       |       |       |       |       |     2 |     2 |     1 |     1 ||     6
         Phantom mirror    |       |       |       |       |       |       |       |     1 |       ||     1
         Lightning rod     |       |       |       |       |       |       |       |       |     4 ||     4
    Use: Potion            |       |     5 |       |     1 |     1 |     2 |       |    10 |     1 ||    20
         Scroll            |       |     3 |     1 |     8 |    12 |    17 |     4 |     4 |     6 ||    55
   Stab: Distracted        |     1 |     2 |     2 |    10 |    28 |    21 |    16 |    30 |    40 ||   150
         Sleeping          |     7 |    11 |    34 |    27 |    38 |   103 |    72 |    58 |    44 ||   394
         Confused          |       |       |     2 |    20 |    32 |    28 |    53 |    57 |    72 ||   264
         Paralysed         |       |       |       |       |    22 |    39 |    28 |    37 |    38 ||   164
         Held in net/web   |       |       |       |       |       |     1 |       |       |     1 ||     2
         Invisible         |       |       |       |       |       |       |     3 |     1 |     2 ||     6
 Armour: Robe              |     2 |    15 |    40 |     6 |       |       |       |       |       ||    63
         Swamp dragon scal |       |       |       |    41 |       |       |       |       |       ||    41
         Troll leather arm |       |       |       |    20 |   108 |    68 |       |       |       ||   196
         Animal skin       |       |       |       |       |       |     5 |    45 |    86 |    80 ||   216
  Dodge: Dodged            |    18 |    98 |    95 |   361 |   813 |   850 |   481 |   902 |   824 ||  4442
  Block: Buckler           |       |       |       |       |   101 |   325 |   225 |   332 |   269 ||  1252

Table legend: (Time is in decaauts)
 A = Elapsed time spent in this place.
 B = Non-inter-level travel time spent in this place.
 C = Inter-level travel time spent in this place.
 D = Time resting spent in this place.
 E = Time spent auto-exploring this place.
 F = Levels seen in this place.
 G = Mean time per level.
                   A        B        C        D        E       F      G
               +--------+--------+--------+--------+--------+-----+--------+
         Total |  63795 |  58669 |   5126 |   9291 |  37396 |  52 | 1226.8 |
       Dungeon |  20710 |  18535 |   2175 |   2979 |  12436 |  15 | 1380.7 |
          Lair |   5733 |   5029 |    704 |    493 |   3559 |   5 | 1146.6 |
        Shoals |   4882 |   4582 |    300 |    534 |   3099 |   4 | 1220.5 |
   Spider Nest |   3822 |   3180 |    642 |    349 |   2022 |   4 |  955.5 |
  Orcish Mines |   2025 |   1817 |    208 |    275 |    952 |   2 | 1012.5 |
   Elven Halls |   3540 |   3395 |    145 |    519 |   2181 |   3 | 1180.0 |
        Vaults |  10240 |   9687 |    553 |   3012 |   4794 |   5 | 2048.0 |
        Depths |   5336 |   5140 |    196 |    389 |   3963 |   4 | 1334.0 |
           Zot |   5750 |   5551 |    199 |    649 |   3701 |   5 | 1150.0 |
         Sewer |    204 |    204 |      0 |      0 |    114 |   1 |  204.0 |
       Ossuary |    219 |    219 |      0 |      0 |    112 |   1 |  219.0 |
      Ice Cave |    663 |    663 |      0 |     91 |    285 |   1 |  663.0 |
       Volcano |     84 |     84 |      0 |      0 |      0 |   1 |   84.0 |
    Desolation |    580 |    580 |      0 |      0 |    175 |   1 |  580.0 |
               +--------+--------+--------+--------+--------+-----+--------+

Top non-repeatable levels by time:
Vaults:4: 3918 daAuts
    D:14: 2603 daAuts
   Elf:3: 2119 daAuts
    D:15: 1838 daAuts
Vaults:5: 1783 daAuts
     D:5: 1778 daAuts
  Lair:5: 1743 daAuts
    D:11: 1707 daAuts
   Zot:5: 1647 daAuts
Depths:1: 1605 daAuts
Vaults:1: 1600 daAuts
   Zot:3: 1550 daAuts
Vaults:2: 1512 daAuts
Shoals:4: 1484 daAuts
Depths:4: 1464 daAuts
